 Dungeon Crawl Stone Soup version 0.32-a0-120-gfac0567ad4 (webtiles) character file.

Game seed: 1975118166352405110

1688 pokeman the Thaumaturge (level 8, -7/44 HPs)
             Began as a Deep Elf Hedge Wizard on Feb 6, 2024.
             Mangled by a wraith (8 damage)
             ... on level 6 of the Dungeon.
             The game lasted 00:13:16 (7175 turns).

pokeman the Thaumaturge (Deep Elf Hedge Wizard)     Turns: 7175, Time: 00:13:17

Health: -7/44      AC:  6    Str:  7    XL:     8   Next: 71%
Magic:  20/24      EV: 13    Int: 22    God:
Gold:   242        SH:  0    Dex: 14    Spells: 19/27 levels left

rFire   . . .        E - +1 whip (elec)
rCold   . . .        (no shield)
rNeg    . . .        b - +0 robe
rPois   .            c - +0 hat
rElec   .            x - +2 cloak
rCorr   .            (no gloves)
SInv    .            B - +0 pair of boots
Will    +....        (no amulet)
Stlth   ++           i - ring of willpower
HPRegen 0.27/turn    (no ring)
MPRegen 0.19/turn

%: no passive effects
@: slowed, very slow
A: no striking features
a: no special abilities


You were on level 6 of the Dungeon.
You visited 1 branch of the dungeon, and saw 6 of its levels.

You collected 242 gold pieces.

Inventory:

Hand Weapons
 E - a +1 whip of electrocution (weapon)
Missiles
 D - a throwing net
Armour
 b - a +0 robe (worn)
 c - a +0 hat (worn)
 x - a +2 cloak (worn)
 B - a +0 pair of boots (worn)
 F - a +0 buckler
Magical Staves
 e - a staff of fire
Jewellery
 i - a ring of willpower (left hand)
 p - an amulet of faith
Wands
 u - a wand of roots (20)
 w - a wand of charming (9)
 A - a wand of flame (14)
Scrolls
 f - 5 scrolls of identify {unknown}
 g - a scroll of noise {unknown}
 j - 3 scrolls of blinking {unknown}
 l - a scroll of fog {unknown}
 m - a scroll of poison {unknown}
 s - a scroll of vulnerability {unknown}
 v - 3 scrolls of teleportation {unknown}
 y - a scroll of torment {unknown}
 z - a scroll of enchant weapon {unknown}
Potions
 a - 2 potions of enlightenment {unknown}
 d - 2 potions of magic
 h - 2 potions of mutation {unknown}
 k - a potion of heal wounds {unknown}
 n - 2 potions of attraction {unknown}
 o - 2 potions of curing {unknown}
 q - a potion of berserk rage {unknown}
 r - a potion of haste {unknown}
 t - 2 potions of degeneration {unknown}
 C - 2 potions of might {unknown}


   Skills:
 - Level 2.0 Fighting
 - Level 3.0 Armour
 - Level 3.0 Dodging
 - Level 3.0 Stealth
 + Level 0.0 Shields
 * Level 10.2 Spellcasting
 + Level 5.4 Conjurations
 - Level 1.1 Summonings
 - Level 1.1 Translocations
 + Level 4.4 Fire Magic
 - Level 1.0 Air Magic
 - Level 1.0 Alchemy
 - Level 1.0 Evocations


You had 19 spell levels left.
You knew the following spells:

 Your Spells              Type           Power      Damage    Failure   Level
a - Magic Dart            Conj           100%       1d8       1%          1
b - Mephitic Cloud        Conj/Alch/Air  22%        N/A       6%          3
c - Call Imp              Summ           32%        N/A       6%          2
d - Blink                 Tloc           32%        N/A       6%          2

Your spell library contained the following spells:

 Spells                   Type           Power      Damage    Failure   Level
 Sting                    Conj/Alch      100%       1d9       1%          1
 Apportation              Tloc           32%        N/A       3%          1
 Summon Small Mammal      Summ           64%        N/A       3%          1
 Freeze                   Ice            44%        1d6       6%          1
 Necrotise                Necr           44%        1d6       6%          1
 Slow                     Hex            44%        N/A       6%          1
 Hailstorm                Conj/Ice       23%        3d7       6%          3
 Cigotuvi's Dreadful Rot  Necr/Alch/Air  28%        N/A       7%          2
 Frozen Ramparts          Ice            22%        1d4       19%         3


Dungeon Overview and Level Annotations

Branches:
Dungeon (6/15)
 Temple: D:4-7

Altars:
Fedhas
Ru
Trog
Xom
Lugonu

Portals:
Abyss: D:1

Annotations:
D:1 2 runed translucent doors


Message History

The adder is engulfed in noxious fumes.
The adder appears confused.
The adder is engulfed in noxious fumes.
The adder appears confused.
The ogre is engulfed in noxious fumes.
The ogre appears confused.
Unknown command.
You feel sick.
The adder bites itself.
The ogre is engulfed in noxious fumes.
The ogre appears confused.
Found a ring mail and 5 gold pieces.
You feel sick.
The ogre is engulfed in noxious fumes.
You feel sick.
You feel sick.
You are no longer poisoned.
The adder is engulfed in noxious fumes.
The adder appears confused.
You see here 5 stones.
An ice beast comes into view.
The ice beast moves out of view.
Found a runed flail.
A bullfrog comes into view.
You see here a +1 flail of draining.
Found a scroll labelled ONILLI JOGA.
Casting: Mephitic Cloud (dangerous; 6% risk of failure)
Confirm with . or Enter, or press ? or * to list all spells.
You blink.
The wraith hits you. The wraith drains your vigour!
You feel yourself slow down. The ice beast hits you. The ice beast freezes you!
* * * LOW HITPOINT WARNING * * *
Unknown command.
The ice beast attacks as it pursues you!
The ice beast barely misses you. The wraith barely misses you.
The ice beast closely misses you.
You barely miss the wraith. The wraith barely misses you. The wraith hits you.
* * * LOW HITPOINT WARNING * * *
The wraith drains your vigour!
You feel as though you will be slow longer.
Unknown command.
You hit the wraith but do no damage. Lightning courses through the wraith!
The wraith is heavily damaged.
You feel ready to blink again. The wraith hits you!
* * * LOW HITPOINT WARNING * * *
The wraith hits you!
You die...

...F..$..........[#
###....#.........#
#....#...........
#....####.#.####.
#...........#
#####.####.###
#)####.#?.
###.........
#@WY........
###.........
#.........
##########


You could see a wraith and an ice beast.

Vanquished Creatures
  Pikel (D:4)
  Prince Ribbit (D:5)
  Duvessa (D:4)
  A black bear (D:5)
  A lemure (D:4)
  3 phantoms
  A scorpion (D:4)
  Dowan (D:4)
  2 bombardier beetles
  A hound (D:3)
  Terence (D:1)
  A sleepcap (D:5)
  Natasha (twice) (D:4)
  12 gnolls
  10 adders
  2 dart slugs
  4 ribbon worms
  11 orcs
  7 endoplasms
  A giant cockroach (D:4)
  10 goblins
  6 hobgoblins
  21 jackals
  6 kobolds
  6 quokkas
  7 ball pythons
  6 bats
  5 frilled lizards
  3 rats
134 creatures vanquished.

Vanquished Creatures (collateral kills)
  A bombardier beetle (D:3)
1 creature vanquished.

Grand Total: 135 creatures vanquished

Notes
Turn   | Place    | Note
-------+----------+-------------------------------------------
     0 | D:1      | pokeman the Deep Elf Hedge Wizard began the quest for the
                  | Orb.
     0 | D:1      | Reached XP level 1. HP: 10/10 MP: 7/7
   105 | D:1      | You fall into a shaft and drop 1 floor!
   214 | D:2      | Reached XP level 2. HP: 14/16 MP: 3/9
   295 | D:2      | Reached skill level 5 in Spellcasting
   421 | D:2      | Reached XP level 3. HP: 20/20 MP: 3/11
   425 | D:2      | Learned a level 3 spell: Mephitic Cloud
   428 | D:2      | Learned a level 2 spell: Call Imp
   431 | D:2      | Learned a level 2 spell: Blink
   760 | D:1      | Found a faded altar of an unknown god.
  1009 | D:1      | Reached skill level 1 in Armour
  1036 | D:1      | Reached skill level 1 in Fighting
  1210 | D:1      | Found a large runed translucent door.
  1210 | D:1      | Found a large runed translucent door.
  1210 | D:1      | Found a one-way gate to the infinite horrors of the Abyss.
  1212 | D:1      | Found a corrupted altar of Lugonu.
  1746 | D:2      | Noticed Terence
  1758 | D:1      | Killed Terence
  1759 | D:1      | Reached XP level 4. HP: 15/25 MP: 1/13
  1912 | D:2      | Found a blossoming altar of Fedhas.
  3114 | D:3      | Reached skill level 6 in Spellcasting
  3241 | D:3      | Reached XP level 5. HP: 29/29 MP: 11/15
  3911 | D:3      | Reached skill level 1 in Alchemy
  4423 | D:3      | Reached XP level 6. HP: 34/34 MP: 10/17
  4584 | D:4      | Noticed Natasha
  4591 | D:4      | Killed Natasha
  4635 | D:4      | Reached skill level 1 in Fire Magic
  4656 | D:4      | Reached skill level 1 in Air Magic
  4656 | D:4      | Reached skill level 1 in Evocations
  4919 | D:4      | Identified the +0 ring mail of the Chewing Gods {Str+5}
  5018 | D:4      | Noticed Duvessa
  5021 | D:4      | Reached skill level 7 in Spellcasting
  5050 | D:4      | Noticed Dowan
  5093 | D:4      | Killed Dowan
  5094 | D:4      | Killed Duvessa
  5107 | D:4      | Reached XP level 7. HP: 9/39 MP: 8/20
  5448 | D:4      | Noticed Natasha
  5454 | D:4      | Killed Natasha
  5673 | D:4      | Noticed Pikel
  5698 | D:4      | Killed Pikel
  5699 | D:4      | Reached skill level 8 in Spellcasting
  5699 | D:4      | Reached XP level 8. HP: 18/44 MP: 12/22
  5867 | D:5      | Entered Level 5 of the Dungeon
  5890 | D:4      | Reached skill level 9 in Spellcasting
  6250 | D:5      | Reached skill level 5 in Conjurations
  6321 | D:5      | Found a bloodstained altar of Trog.
  6326 | D:5      | Found a sacrificial altar of Ru.
  6330 | D:5      | Found a shimmering altar of Xom.
  6365 | D:5      | Noticed Prince Ribbit
  6379 | D:5      | Killed Prince Ribbit
  6478 | D:5      | Reached skill level 10 in Spellcasting
  7175 | D:6      | HP: 1/44 [wraith (7)]
  7175 | D:6      | Mangled by a wraith

Illustrated notes

Levels and vault maps discovered:
D:1:      erik_arrival_cave_to_civilisation [erik_arrival_cave_to_temple],
          layout_rooms, hellmonk_ecumenical_altar_run_dry
D:2:      layout_basic, basic_altar, minmay_splitting_lines, hex_tiny,
          uniq_terence
D:3:      layout_basic, nicolae_twisty_statue_hallways
D:4:      layout_basic, uniq_natasha, uniq_duvessa, uniq_pikel
D:5:      layout_loops_ring, minmay_overflow_temple_star_quad,
          dk_rats_in_the_wall, uniq_prince_ribbit1
D:6:      cheibrodos_barr_body, layout_rooms,
          mainiacjoe_ossuary_entry_find_the_door, uniq_maggie

Skill      XL: |  1  2  3  4  5  6  7  8 |
---------------+-------------------------+-----
Spellcasting   | 5 6 7 8 10 | 10.2
Armour         | 1 2 3 |  3.0
Conjurations   | 2 3 4 5 |  5.4
Fighting       | 1 2 |  2.0
Dodging        | 3 |  3.0
Stealth        | 3 |  3.0
Alchemy        | 1 |  1.0
Fire Magic     | 1 3 4 |  4.4
Air Magic      | 1 |  1.0
Evocations     | 1 |  1.0
Summonings     | |  1.1
Translocations | |  1.1

Action                     |  1- 3 |  4- 6 |  7- 9 || total
---------------------------+-------+-------+-------++-------
  Melee: Dagger            |    58 |    69 |    31 ||   158
         Punch             |     2 |     4 |     9 ||    15
         Whip              |       |       |    27 ||    27
   Cast: Magic Dart        |   108 |   149 |   110 ||   367
         Mephitic Cloud    |     1 |    10 |    12 ||    23
         Call Imp          |     1 |     6 |     3 ||    10
         Blink             |       |       |     2 ||     2
   Stab: Confused          |     2 |     7 |    10 ||    19
         Distracted        |       |     1 |       ||     1
 Armour: Robe              |    51 |    38 |    41 ||   130
  Dodge: Dodged            |    65 |    50 |    41 ||   156

Table legend: (Time is in decaauts)
 A = Elapsed time spent in this place.
 B = Non-inter-level travel time spent in this place.
 C = Inter-level travel time spent in this place.
 D = Time resting spent in this place.
 E = Time spent auto-exploring this place.
 F = Levels seen in this place.
 G = Mean time per level.
                   A        B        C        D        E       F      G
               +--------+--------+--------+--------+--------+-----+--------+
         Total |   7167 |   6984 |    183 |    173 |   5773 |   6 | 1194.5 |
       Dungeon |   7167 |   6984 |    183 |    173 |   5773 |   6 | 1194.5 |
               +--------+--------+--------+--------+--------+-----+--------+

Top non-repeatable levels by time:
     D:2: 1798 daAuts
     D:3: 1581 daAuts
     D:4: 1415 daAuts
     D:1: 1201 daAuts
     D:5: 1086 daAuts
     D:6: 84 daAuts
